[Event "Superettan 2017/2018"]
[Site "Vegagatan 20, Gothenburg, Sweden"]
[Date "2018.02.03"]
[Round "2.5"]
[White "Fendrich, David"]
[Black "Alle Wahlin, Ambjorn"]
[Result "1/2-1/2"]
[TimeControl "90 minutes for 40 moves + 30 minutes for the rest of the game + 30 seconds per move from move one."]
[WhiteFideId "1705725"]
[BlackFideId "1714805"]
[WhiteElo "2244"]
[BlackElo "2224"]

1. Nf3 d5 2. g3 Nf6 3. Bg2 c6 4. b3 Bf5 5.
O-O e6 6. Bb2 a5 7. a3 h6 8. d3 Be7 9. Nbd2 O-O 10. c4 Nbd7 11. Re1 Bh7 12. Nf1 Qb6 13. Bc3 c5 14. e3 Rfd8 15. Qc2 Qa6 16. Qe2 b5 17. Red1 a4 18. d4 axb3 19.
cxb5 Qa4 20. dxc5 Bxc5 21. Nd4 Rdb8 22. Qb2 Bxa3 23. Qe2 Bc2 24. Rd2 Rc8 25. Bb2 Qb4 26. Rxa3 Rxa3 27. Bxa3 Qxa3 28.
Nxc2 bxc2 29. Rxc2 Rb8 30. Nd2 Nb6 31. Qd1 Na4 32. Bf1 Nd7 33. Qc1 Qf8 34. Nb3 Nab6 35. Rc7 Qd8 36. Nd4 Ne5 37.
Qc3 Nbc4 38. Ra7 Qf6 39. Qb4 Ng4 40. Ra2 e5 41. Nb3 Qb6 42. e4 Nf6 43. exd5 Nd6 44. Qc3 Nxb5 45. Qxe5 Rd8 46.
Qa1 Nc7 47. Bc4 Ncxd5 48. Ra8 Qd6 49. Nd4 Nb6 50. Rxd8+ Qxd8 51. Bf1 1/2-1/2

[Event "Superettan 2017/2018"]
[Site "Vegagatan 20, Gothenburg, Sweden"]
[Date "2018.02.03"]
[Round "2.6"]
[White "Lindahl, Emil"]
[Black "Hultin, Johan"]
[Result "1/2-1/2"]
[TimeControl "90 minutes for 40 moves + 30 minutes for the rest of the game + 30 seconds per move from move one."]
[BlackTitle "FM"]
[WhiteFideId "1713116"]
[BlackFideId "1701983"]
[WhiteElo "2177"]
[BlackElo "2290"]

1. Nf3 d5 2. e3 Nf6 3. c4 c6 4. Nc3 g6 5. b3 Bg7 6.
Bb2 O-O 7. Be2 Bg4 8. O-O Nbd7 9. d4 e6 10. h3 Bxf3 11. Bxf3 Re8 12. cxd5 exd5 13. Rc1 Bf8 14.
Qc2 Nb6 15. Rfe1 Rc8 16. Nb1 Bd6 17. Ba3 Bb8 18. Nd2 Re6 19. Nf1 Ne4 20. Bb4 Qh4 21. Ba5 Nd7 22. Bxe4 Rxe4 23. f3 Re6 24.
Re2 Rce8 25. Be1 Qe7 26. Bf2 f5 27. Rce1 Bd6 28. Rd1 Qf8 29. Red2 Nf6 30. Rd3 Nh5 31. f4 Nf6 32. Nd2 Ne4 33.
Nxe4 Rxe4 34. g3 h6 35. Qe2 Qf7 36. Qf3 g5 37. Kh1 Kh7 38. Rf1 Rg8 39. Be1 gxf4 40. gxf4 Re6 41. Bf2 Reg6 42.
Rdd1 Qe6 43. Rg1 Qe4 44. Qxe4 dxe4 45. Rxg6 Rxg6 46. Rg1 Re6 47. Be1 Re8 48. h4 Rg8 49. h5 Rxg1 50. Kxg1 Kg7 51. Kf1 Kf7 52. Bc3 Ke6 53.
Ke2 Kd5 54. Kd2 Be7 55. Kc2 Bh4 56. Kd2 Be7 57. Kc2 Bd6 58. Kd2 Be7 1/2-1/2

[Event "Superettan 2017/2018"]
[Site "Vegagatan 20, Gothenburg, Sweden"]
[Date "2018.02.03"]
[Round "2.7"]
[White "Storme, Isak"]
[Black "Sevastianov, Andrii"]
[Result "1/2-1/2"]
[TimeControl "90 minutes for 40 moves + 30 minutes for the rest of the game + 30 seconds per move from move one."]
[WhiteTitle "CM"]
[WhiteFideId "1728113"]
[BlackFideId "1730240"]
[WhiteElo "2213"]
[BlackElo "2126"]

1. d4 d5 2. Nf3 Nf6 3. c4 e6 4. Nc3 Be7 5. Bf4 O-O 6. e3 b6 7. Rc1 c5 8. cxd5 Nxd5 9. Nxd5 Qxd5 10. Bc4 Qh5 11. d5 Ba6 12. Bxa6 Nxa6 13. dxe6 Rad8 14. Qb3 Nb4 15. O-O fxe6 16. Qxe6+ Qf7 17.
Qxf7+ Kxf7 18. Ne5+ Ke6 19. a3 Nd3 20. Nxd3 Rxd3 21. Rfd1 Rfd8 22. Rxd3 Rxd3 23. Bb8 a6 24. Ba7 Rb3 25.
Rc2 Bf6 26. Kf1 Kd5 27. Ke2 Be5 28. f4 Bxb2 29. a4 Bc3 30. Bxb6 c4 31. Bd8 Ke4 32. a5 h5 33. Be7 g6 34.
h3 Rb2 35. Rxb2 Bxb2 36. g4 hxg4 37. hxg4 Bc3 38. Bd8 Bg7 39. Bb6 Bf6 40. Kd2 Kd5 41. f5 gxf5 42. gxf5 Bh4 43. Bd4 Bd8 44.
Bc3 Be7 45. Kc2 Bc5 46. Bd4 Bb4 47. f6 Bxa5 48. f7 Bb4 49. Bg7 Ke4 50. Bh6 a5 51. f8=B Bxf8 52. Bxf8 Kxe3 53. Kc3 a4 54.
Kxc4 a3 55. Bxa3 1/2-1/2

[Event "Superettan 2017/2018"]
[Site "Vegagatan 20, Gothenburg, Sweden"]
[Date "2018.02.03"]
[Round "2.8"]
[White "Olofsson-Dolk, Mattis"]
[Black "Al Waeli, Laith"]
[Result "1/2-1/2"]
[TimeControl "90 minutes for 40 moves + 30 minutes for the rest of the game + 30 seconds per move from move one."]
[BlackTitle "FM"]
[WhiteFideId "1715178"]
[BlackFideId "4801059"]
[WhiteElo "2165"]
[BlackElo "2069"]

1. d4 e6 2. c4 Nf6 3.
Nc3 Bb4 4. e3 O-O 5. Nge2 d5 6. a3 Be7 7. cxd5 exd5 8. Nf4 c6 9. Bd3 Nbd7 10. O-O Re8 11. f3 Nf8 12. Bc2 Bd6 13.
e4 Bxf4 14. Bxf4 Ng6 15.
Bg5 h6 16. Bxf6 Qxf6 17. e5 Qg5 18. Bxg6 Qxg6 19. b4 Bf5 20. Rf2 f6 21. f4 Rad8 22. Qd2 Kh7 23. Rc1 Bd3 24. Na4 fxe5 25.
fxe5 Rf8 26. Nc5 Rxf2 27. Qxf2 Be4 28. Nxe4 dxe4 29. Re1 Rd5 30. Qe3 a5 31. Qxe4 Qxe4 32. Rxe4 Kg8 33. Kf2 axb4 34. axb4 Kf7 35. Ke3 Rb5 36.
Rf4+ Ke7 37. Rg4 Kf7 38. Ke4 Rxb4 39. Kf5 Rb5 40. h4 Rd5 41. Ke4 Rb5 42. Rf4+ Ke6 43. Rg4 Kf7 44. h5 Rb1 45.
Rg6 Re1+ 46. Kf3 c5 47. Rb6 cxd4 48. Rxb7+ Ke6 49. Kf4 d3 50. Rb6+ Kd5 51. Rd6+ Kc4 52. Kf5 Kc3 53. Rc6+ Kd4 54. Rd6+ Kc3 55. Rc6+ Kd4 56.
Rd6+ Kc3 1/2-1/2

[Event "Superettan 2017/2018"]
[Site "Vegagatan 20, Gothenburg, Sweden"]
[Date "2018.02.03"]
[Round "2.9"]
[White "Hamark, Jesper"]
[Black "Tukhaev, Adam"]
[Result "1/2-1/2"]
[TimeControl "90 minutes for 40 moves + 30 minutes for the rest of the game + 30 seconds per move from move one."]
[BlackTitle "GM"]
[WhiteFideId "1704338"]
[BlackFideId "14109476"]
[WhiteElo "2333"]
[BlackElo "2556"]

1. g3 g6 2. Bg2 Bg7 3. d4 Nf6 4. e4 d6 5.
Ne2 O-O 6. O-O Nc6 7. Nbc3 e6 8.
h3 Ne7 9. Be3 h6 10. Qd2 Kh7 11. f4 Nd7 12. g4 f5 13.
gxf5 exf5 14. e5 Nb6 15. b3 c6 16. Rad1 Be6 17. Qe1 a5 18. Bc1 a4 19. Kh1 axb3 20. axb3 Qe8 21. Ng1 Ned5 22.
Nb1 Ra1 23. Ba3 dxe5 24. fxe5 f4 25. Bxf8 Bxf8 26. Nd2 Rxd1 27. Qxd1 Ne3 28. Qe2 Nxf1 29. Qxf1 Qf7 30. c4 Be7 31.
Qd3 h5 32. Ne4 Kh6 33. Nd6 Bxd6 34. exd6 Nd7 35. Nf3 g5 36. h4 gxh4 37. Nxh4 Qf6 38. Nf3 Bg4 39. c5 Bxf3 40. Bxf3 Qh4 41.
Kg2 Nf6 42. Qe2 Qg3+ 43. Kf1 h4 44. b4 h3 45. b5 cxb5 46. Bxb7 h2 47. Qf2 Qd3+ 48. Kg2 Qg6+ 49. Kf1 Qb1+ 50.
Ke2 Qc2+ 51. Ke1 Qc1+ 52. Ke2 Qc2+ 53. Ke1 Qc1+ 54. Ke2 Kg5 1/2-1/2

[Event "Superettan 2017/2018"]
[Site "Vegagatan 20, Gothenburg, Sweden"]
[Date "2018.02.03"]
[Round "2.10"]
[White "Kumar, Rahul"]
[Black "Svensson, Bengt"]
[Result "1/2-1/2"]
[TimeControl "90 minutes for 40 moves + 30 minutes for the rest of the game + 30 seconds per move from move one."]
[BlackTitle "IM"]
[WhiteFideId "5010969"]
[BlackFideId "1700200"]
[WhiteElo "2183"]
[BlackElo "2319"]

1. d4 Nf6 2. Bf4 d5 3. e3 c5 4. c3 Nc6 5.
Bd3 e6 6. Nf3 Bd6 7. Bg3 O-O 8.
Nbd2 b6 9. Ne5 Bb7 10. O-O Qc7 11. f4 Ne7 12. Qb1 g6 13. Bh4 Ne8 14. g4 f6 15. Nef3 Ng7 16.
Bg3 f5 17. h3 Qc8 18. Rf2 Ba6 19. Qf1 Bxd3 20. Qxd3 Kh8 21. Raf1 Ng8 22. Ne5 Nf6 23. Qe2 Qc7 24. Bh4 Ne4 25.
Rg2 Rab8 26. Nxe4 fxe4 27. Qb5 Ra8 28. Qa6 Rab8 29. Qb5 Ra8 30. Qa6 Rab8 31. Qb5 Ra8 1/2-1/2

[Event "Superettan 2017/2018"]
[Site "Vegagatan 20, Gothenburg, Sweden"]
[Date "2018.02.03"]
[Round "2.11"]
[White "Aberg, Anton"]
[Black "Arnelind, Mikael"]
[Result "1-0"]
[TimeControl "90 minutes for 40 moves + 30 minutes for the rest of the game + 30 seconds per move from move one."]
[WhiteTitle "IM"]
[WhiteFideId "1701991"]
[BlackFideId "1704290"]
[WhiteElo "2368"]
[BlackElo "2220"]

1. d4 Nf6 2. Bg5 d5 3. e3 e6 4. Nd2 Nbd7 5. Ngf3 h6 6. Bh4 c5 7. c3 Be7 8. Bd3 b6 9. O-O Bb7 10. Ne5 Nxe5
11. dxe5 Nd7 12. Bg3 h5 13. h3 Qc7 14. e4 Qc6 15. exd5 exd5 16. c4 Qh6 17. cxd5 Bxd5 18.
Be4 Bxe4 19. Nxe4 h4 20. Bh2 Qg6 21. e6 fxe6 22. Nd6+ Bxd6 23. Qxd6 Rd8 24. Rad1 Qf6 25. Qc6 Rh6 26.
Bc7 e5 27. Rd6 Qg5 28. Bxd8 Qxd8 29. Rxh6 gxh6 30. Qg6+ Ke7 31. Rd1 Qe8 32. Qxh6 1-0

[Event "Superettan 2017/2018"]
[Site "Vegagatan 20, Gothenburg, Sweden"]
[Date "2018.02.03"]
[Round "2.12"]
[White "Eksmyr, Johan"]
[Black "Mohammadi, Amir"]
[Result "1-0"]
[TimeControl "90 minutes for 40 moves + 30 minutes for the rest of the game + 30 seconds per move from move one."]
[WhiteFideId "1704346"]
[BlackFideId "1705890"]
[WhiteElo "2181"]
[BlackElo "2316"]

1. d4 f5 2. Nc3 d5 3. Nf3 e6 4. Bg5 Nf6 5. h4 Be7 6. e3 Ne4 7. Nxe4 fxe4 8. Ne5
O-O 9. f4 Nc6 10. Nxc6 bxc6 11. c3 Rb8 12. b4 Qe8 13. Bxe7 Qxe7 14. Qa4 Bd7 15. Qxa7 Ra8 16. Qxc7 Ra3 17. Kd2 Rfa8 18. Kc2 R3a7 19. Qb6 Rxa2+ 20. Rxa2 Rxa2+ 21. Kb3 Ra1 22.
Qb8+ Be8 23. h5 Qd7 24. h6 g6 25. g4 Rb1+ 26. Kc2 Re1 27. g5 Kf8 28. Qe5 Qa7 29.
Qf6+ Bf7 30. Qd8+ Be8 31. Qf6+ Bf7 32. Qd8+ Be8 33. Qa5 Qxa5 34. bxa5 c5 35. dxc5 Bc6 36. a6 Rxe3 37. a7 d4 38. cxd4 Ra3 39. Bc4 e3 40. Re1 Kf7 41. Kb2 Rxa7 42. Rxe3 1-0

[Event "Superettan 2017/2018"]
[Site "Vegagatan 20, Gothenburg, Sweden"]
[Date "2018.02.03"]
[Round "2.13"]
[White "Svenn, Matti"]
[Black "Hansson, Fredrik"]
[Result "1/2-1/2"]
[TimeControl "90 minutes for 40 moves + 30 minutes for the rest of the game + 30 seconds per move from move one."]
[WhiteFideId "1705091"]
[BlackFideId "1713256"]
[WhiteElo "2166"]
[BlackElo "2177"]

1. d4 d5 2. Nf3 Nf6 3. Bf4 c5 4. e3 Nc6 5. Nc3 Bf5 6. dxc5 Rc8 7. Bd3 Bg4 8. Be2 e6 9. h3 Bh5 10. O-O Bxc5 11. Ne5 Bxe2 12. Qxe2 O-O 13.
a3 Nxe5 14. Bxe5 Nd7 15. Bg3 Nb6 16. Nb5 a6 17. Nd4 Nc4 18. c3 Qb6 19. Rab1 Rfd8 20. Rfd1 Bd6 21. Bxd6 Nxd6 22. Qd3 g6 23.
Nf3 Qc5 24. Ne5 b5 25. Qe2 Nc4 26. Ng4 h5 27. Nh2 a5 28. Nf3 b4 29. axb4 axb4 30. cxb4 Qxb4 31. e4 dxe4 32. Rxd8+ Rxd8 33.
Qxe4 Rb8 34. Rc1 Nd6 35. Qe3 Qxb2 36. Rd1 Nf5 37. Qg5 Qb7 38. Ne5 Qe7 39. Qf4 Rd8 40. Rc1 Rd4 41. Qf3 Qd6 42.
Re1 Qd5 43. Qxd5 Rxd5 44. g3 Kg7 45. h4 f6 46. Nf3 e5 47. Ra1 Rd7 48. Ra4 Nh6 49. Kf1 Ng4 50. Ke2 Rb7 51. Ra2 Kh6 52.
Rc2 Rb6 53. Ra2 e4 54. Nd2 Re6 55. Nf1 g5 56. Ne3 Ne5 57. Ra4 Nf3 58. Ng2 Kg6 59. Rb4 Re5 60. hxg5 fxg5 61. Rb6+ Kg7 62.
Ke3 Nh2 63. Ke2 Ng4 64. Ne3 Nf6 65. Ra6 Rb5 66. Ra2 Kg6 67. Kf1 h4 68. gxh4 gxh4 69. Kg2 Nd5 70. Nxd5 Rxd5 71. Ra8 Kf5 72.
Rg8 Kf4 73. Rh8 Kg4 74. Rh7 Rg5 75. Rf7 Rg8 76. Kh2 Rb8 77. Rg7+ Kf3 78. Rf7+ Ke2 79. Rf4 Re8 80. Kh3 Kd3 81.
Kxh4 Rg8 82. Kh3 e3 1/2-1/2

[Event "Superettan 2017/2018"]
[Site "Vegagatan 20, Gothenburg, Sweden"]
[Date "2018.02.03"]
[Round "2.14"]
[White "Virolainen, Victor"]
[Black "Madebrink, Lars"]
[Result "0-1"]
[TimeControl "90 minutes for 40 moves + 30 minutes for the rest of the game + 30 seconds per move from move one."]
[WhiteFideId "1710672"]
[BlackFideId "1701347"]
[WhiteElo "2173"]
[BlackElo "2205"]

1. e4 c5 2. Nf3 d6 3. d4 cxd4 4. Nxd4 Nf6 5. Nc3 a6 6. Be3 e6 7. f3 Nc6 8. Qd2 Bd7 9. g4 Nxd4 10.
Bxd4 Bc6 11. g5 Nd7 12. h4 b5 13. a3 Ne5 14. Be2 Qc7 15. O-O-O Qb7 16.
h5 a5 17. Rhf1 b4 18. Nb1 Nd7 19. Bc4 Nb6 20. Bxb6 Qxb6 21. axb4 axb4 22. g6 O-O-O 23. Qf4 d5 24. exd5 exd5 25.
Qf5+ Kb8 26. Bb3 fxg6 27. hxg6 hxg6 28. Qxg6 Bd6 29. f4 Bb5 30. Rg1 Bxf4+ 31. Nd2 Qxg6 32. Rxg6 Be2 33. Re1 Rh2 34.
Rb6+ Kc7 35. Rxb4 g5 36. c3 Bc4 37. Rd1 Bxb3 38. Rxb3 Re8 39. Rb4 Re4 40. Kc2 Rxb4 41. cxb4 d4 42.
Kd3 Rxd2+ 0-1

[Event "Superettan 2017/2018"]
[Site "Vegagatan 20, Gothenburg, Sweden"]
[Date "2018.02.03"]
[Round "2.15"]
[White "Borvander, Tom"]
[Black "Fransson, Patrick"]
[Result "0-1"]
[TimeControl "90 minutes for 40 moves + 30 minutes for the rest of the game + 30 seconds per move from move one."]
[WhiteFideId "1707388"]
[BlackFideId "1709305"]
[WhiteElo "2126"]
[BlackElo "2136"]

1. d4 f5 2. g3 Nf6 3. Bg2 d6 4. Nf3 g6 5. O-O Bg7 6. c4 O-O 7. Nc3 Qe8 8. Nd5 Nxd5 9. cxd5 h6 10. Qb3 Qf7 11. Rd1 Nd7 12. a4 Nb6 13. a5 Nd7 14. Ra3 Nf6 15. Ne1 a6 16. Nd3 g5 17. e3 Rb8 18. Nb4 Bd7 19. Qc2 Rbc8 20.
Rc3 Qh5 21. Re1 Ne8 22. Qd1 Qf7 23. Bf3 Bb5 24. Qd2 Nf6 25. Qc2 Ne8 26. Rd1 Kh8 27. b3 Bd7 28. Kh1 e5 29. dxe6 Bxe6 30.
d5 Bd7 31. Rcd3 Nf6 32. Bb2 Ng4 33. Bxg7 Kxg7 34. Rc3 Qh5 35. Bxg4 Qxg4 36. Rd4 Qh3 37. Kg1 Bb5 38. Nd3 Rf7 39.
Qc1 Qh5 40. Kg2 c5 41. Ne1 Qe2 42. Nf3 cxd4 43. Rxc8 dxe3 44. Rc2 Qd3 45. Rc3 Qxd5 46. Qxe3 Bc6 47. Rd3 Qxa5 48. Qd4+ Qe5 49.
Kg1 Bxf3 50. Qxe5+ dxe5 51. Rxf3 Kf6 52. Rc3 Rd7 53. Kg2 e4 54. Rc4 Rd3 55. b4 Rb3 56. g4 Ke6 57. gxf5+ Kxf5 58. h3 Kf4 59. Rd4 Ke5 60.
Rc4 Kd5 0-1

[Event "Superettan 2017/2018"]
[Site "Vegagatan 20, Gothenburg, Sweden"]
[Date "2018.02.03"]
[Round "2.16"]
[White "Subramanian, Aditya"]
[Black "Svedberg, Hans"]
[Result "1-0"]
[TimeControl "90 minutes for 40 moves + 30 minutes for the rest of the game + 30 seconds per move from move one."]
[WhiteFideId "1718924"]
[BlackFideId "1705113"]
[WhiteElo "2133"]
[BlackElo "2027"]

1. c4 c5 2. e3 e5 3. Nc3 Nc6 4. Nf3 Nf6 5.
d4 cxd4 6. exd4 e4 7. Nd2 Bb4 8.
d5 Bxc3 9. bxc3 Na5 10. Nb3 O-O 11. Bg5 h6 12. Bh4 Nxb3 13. axb3 d6 14. Qd4 b6 15. Be2 Re8 16. O-O Qe7 17.
Ra2 g5 18. Bg3 Nd7 19. f4 exf3 20. Bxf3 Ne5 21. Bh5 Rf8 22. Re2 f6 23. Bxe5 fxe5 24. Qe4 Rxf1+ 25. Kxf1 Qh7 26. Bg6 Qh8 27. Rf2 Bd7 28. Bf7+ Kf8 29. Be6+ Ke8 30. Qg6+ Kd8 31. Bxd7 1-0

[Event "Superettan 2017/2018"]
[Site "Vegagatan 20, Gothenburg, Sweden"]
[Date "2018.02.04"]
[Round "3.1"]
[White "Hamark, Jesper"]
[Black "Rozentalis, Eduardas"]
[Result "0-1"]
[TimeControl "90 minutes for 40 moves + 30 minutes for the rest of the game + 30 seconds per move from move one."]
[BlackTitle "GM"]
[WhiteFideId "1704338"]
[BlackFideId "12800023"]
[WhiteElo "2333"]
[BlackElo "2520"]

1. c4 b6 2. d4 e6 3. e4 Bb7 4. Nc3 Bb4 5. Qc2 Bxc3+ 6. bxc3 d6 7. Bd3 Nd7 8. f4 Qh4+ 9. Kf1 e5 10. Nf3 Qe7 11. Kf2 Ngf6 12. Re1 O-O 13. Kg1 Rfe8 14. fxe5
dxe5 15. d5 a5 16. Kh1 Bc8 17. Be3 Nc5 18. Nd2 Bd7 19. Bg1 Nh5 20. Nb3 Ba4 21. Bf1 Nf6 22.
Qb1 Nfd7 23. Qb2 Rab8 24. Rab1 Nb7 25. Qc1 Red8 26. Qb2 Qd6 27. Qc1 f6 28. Qb2 Ndc5 29. Qc2 Be8 30. Be2 a4 31.
Nd2 Ra8 32. Bg4 Qe7 33. Bf3 Ra5 34. Bg4 Nd6 35. Rf1 Bd7 36. Bxd7 Qxd7 37. Rfe1 Rda8 38. Rb4 Qe8 39. Bf2 h6 40.
Bg1 Na6 41. Rbb1 Nc5 42. Rb4 Nd7 43. Qd3 Qg6 44. Bf2 Nc5 45. Qc2 a3 46. Kg1 Kh7 47. Kh1 Rf8 48. Kg1 Raa8 49. Rbb1 Rae8 50.
Bxc5 bxc5 51. Qa4 f5 52. Qxa3 Ra8 53. Qb3 fxe4 54. Qc2 Rf2 0-1

[Event "Superettan 2017/2018"]
[Site "Vegagatan 20, Gothenburg, Sweden"]
[Date "2018.02.04"]
[Round "3.2"]
[White "Akesson, Joel"]
[Black "Svensson, Bengt"]
[Result "1/2-1/2"]
[TimeControl "90 minutes for 40 moves + 30 minutes for the rest of the game + 30 seconds per move from move one."]
[WhiteTitle "FM"]
[BlackTitle "IM"]
[WhiteFideId "1705040"]
[BlackFideId "1700200"]
[WhiteElo "2279"]
[BlackElo "2319"]

1. c4 c6 2. Nf3 d5 3. d4 Nf6 4. e3 a6 5. Qc2 Bg4 6. Nbd2 e6 7. b3 Nbd7 8. Bd3 Bd6 9. Bb2 Qb8 10. O-O Bh5 11. h3 Bg6 12. e4 dxe4 13. Nxe4 Nxe4 14. Bxe4 O-O 15. Bxg6 hxg6 16. Rfe1 Re8 17. Rad1 1/2-1/2

[Event "Superettan 2017/2018"]
[Site "Vegagatan 20, Gothenburg, Sweden"]
[Date "2018.02.04"]
[Round "3.3"]
[White "Aberg, Anton"]
[Black "Welin, Mats"]
[Result "1/2-1/2"]
[TimeControl "90 minutes for 40 moves + 30 minutes for the rest of the game + 30 seconds per move from move one."]
[WhiteTitle "IM"]
[BlackTitle "FM"]
[WhiteFideId "1701991"]
[BlackFideId "1705180"]
[WhiteElo "2368"]
[BlackElo "2314"]

1. d4 Nf6 2. Bg5 d5 3. e3 c5 4. Nc3 Nc6 5. Bxf6 gxf6 6. dxc5 e6 7. Qh5 f5 8. O-O-O Bd7 9. Nf3 Bxc5 10. Nb5 Rc8 11. Kb1 a6 12.
Nbd4 Qf6 13. g3 Rg8 14. Be2 Bf8 15. Qh4 Qg7 16. Qh5 Be7 17. h4 Bf6 18. c3 Qg6 19. Qxg6 hxg6 20. Nxc6 Rxc6 21.
Nd4 Rc7 22. f4 1/2-1/2

[Event "Superettan 2017/2018"]
[Site "Vegagatan 20, Gothenburg, Sweden"]
[Date "2018.02.04"]
[Round "3.4"]
[White "Hultin, Johan"]
[Black "Mohammadi, Amir"]
[Result "1-0"]
[TimeControl "90 minutes for 40 moves + 30 minutes for the rest of the game + 30 seconds per move from move one."]
[WhiteTitle "FM"]
[WhiteFideId "1701983"]
[BlackFideId "1705890"]
[WhiteElo "2290"]
[BlackElo "2316"]

1. c4 f5 2. g3 Nf6 3. Bg2 e6 4. Nf3 d5 5. cxd5 exd5 6. Nc3 c6 7. e3 Bd6 8. O-O O-O 9. d3 Re8 10.
b3 Nbd7 11. Bb2 a5 12. Re1 Nc5 13. a3 Qb6 14. d4 Nce4 15. Na4 Qc7 16. Qc2 Ng4 17. Re2 b6 18. Ne1 Ba6 19. Nd3 Re6 20.
f4 Rae8 21. Rae1 Qf7 22. Bf1 Qh5 23. Rg2 Bxd3 24. Bxd3 b5 25. Nc5 Nxc5 26. dxc5 Rxe3 27. Rf1 Rxd3 28. cxd6 Rde3 29. d7 Rd8 30.
Qxc6 Qf7 31. h3 Re6 32. Qc8 Qxd7 33. Qxd7 Rxd7 34. hxg4 Re3 35. b4 axb4 36. axb4 fxg4 37. Bd4 Rb3 38.
Bc5 Kf7 39. Kh2 d4 40. Re1 Rc3 41. Rd2 d3 42. Kg2 h5 43. Kf2 Rd5 44. Re4 Kg6 45. Ke3 Kf5 46. Re8 Rb3 47. Rf8+ Kg6 48.
Ke4 Rd7 49. Rb8 Rb1 50. Rb6+ Kh7 51. Rd6 Re7+ 52. Kd5 Rb3 53. Kc6 1-0

[Event "Superettan 2017/2018"]
[Site "Vegagatan 20, Gothenburg, Sweden"]
[Date "2018.02.04"]
[Round "3.5"]
[White "Svenn, Gosta"]
[Black "Storme, Isak"]
[Result "0-1"]
[TimeControl "90 minutes for 40 moves + 30 minutes for the rest of the game + 30 seconds per move from move one."]
[WhiteTitle "FM"]
[BlackTitle "CM"]
[WhiteFideId "1700553"]
[BlackFideId "1728113"]
[WhiteElo "2307"]
[BlackElo "2213"]

1. d4 Nf6 2. c4 c5 3. d5 e6 4.
Nc3 exd5 5. cxd5 d6 6. e4 g6 7. Nf3 Bg7 8. Bg5 O-O 9. Nd2 h6 10. Bh4 a6 11. a4 Re8 12. Be2 Nbd7 13.
O-O g5 14. Bg3 Ne5 15. Qc2 Ng6 16. Nc4 Nf4 17. a5 Qe7 18. Rfe1 Nd7 19. Rad1 Ne5 20. Nxe5 Bxe5 21. Na4 Rb8 22. Nb6 Qf6 23. Nc4 Bd4 24. h3 Bd7 25. b4 Bb5 26. bxc5 Bxc5 27.
Bf1 Rbc8 28. Qb3 Nh5 29. Rc1 Nxg3 30. Qxg3 Bb4 31. Re3 Bxc4 32. Rxc4 Rxc4 33. Bxc4 Bd2 34. Rf3 Bf4 35. Qg4 Qa1+ 36.
Bf1 Rxe4 37. g3 Re1 38. Qc8+ Kg7 39. Qc4 Be5 40. Kg2 Rc1 41. Qg4 Bf6 42. Rxf6 Kxf6 43. Qf3+ Kg7 44. Bd3 Qe5 45.
Be4 Rc4 0-1

[Event "Superettan 2017/2018"]
[Site "Vegagatan 20, Gothenburg, Sweden"]
[Date "2018.02.04"]
[Round "3.6"]
[White "Fendrich, David"]
[Black "Madebrink, Lars"]
[Result "1-0"]
[TimeControl "90 minutes for 40 moves + 30 minutes for the rest of the game + 30 seconds per move from move one."]
[WhiteFideId "1705725"]
[BlackFideId "1701347"]
[WhiteElo "2244"]
[BlackElo "2205"]

1. Nf3 Nf6 2. g3 b5 3. Bg2 Bb7 4. Na3 a6 5. c4 bxc4 6. Nxc4 c5 7. Nce5 d6 8. Nxf7 Kxf7 9. Qb3+ d5 10.
Ne5+ Ke6 11. Qxb7 Kxe5 12. Qxa8 Kd6 13. d4 cxd4 14. Bd2 Qb6 15. Rc1 Nc6 16. Bh3 g5 17. Rxc6+ Qxc6 18. Bb4+ Kc7 19.
Ba5+ Kd6 20. Qb8+ 1-0

[Event "Superettan 2017/2018"]
[Site "Vegagatan 20, Gothenburg, Sweden"]
[Date "2018.02.04"]
[Round "3.7"]
[White "Svenn, Matti"]
[Black "Outgajjouft, Said"]
[Result "1/2-1/2"]
[TimeControl "90 minutes for 40 moves + 30 minutes for the rest of the game + 30 seconds per move from move one."]
[WhiteFideId "1705091"]
[BlackFideId "1716174"]
[WhiteElo "2166"]
[BlackElo "2037"]

1. d4 d5 2. Nf3 Nf6 3. Bf4 Nbd7 4. e3 e6 5. h3 c5 6. c3 Qb6 7. Qc2 Bd6 8. Bxd6 Qxd6 9. Nbd2 O-O 10. Be2 Re8 11. O-O e5 12. dxe5 Nxe5 13. Rad1 b6 14. c4 Bb7 15. cxd5 Bxd5 16. Nc4 Nxf3+ 17. Bxf3 Qe6 18. Bxd5 Nxd5 19. Qd2 Nf6 20. b3 h6 21. Qd6 Qe4 22. Qd3 Qe6 23. Qd6 Qe4 24.
Qd3 Qe6 25. Qd6 1/2-1/2

[Event "Superettan 2017/2018"]
[Site "Vegagatan 20, Gothenburg, Sweden"]
[Date "2018.02.04"]
[Round "3.8"]
[White "Al Waeli, Laith"]
[Black "Borvander, Tom"]
[Result "1-0"]
[TimeControl "90 minutes for 40 moves + 30 minutes for the rest of the game + 30 seconds per move from move one."]
[WhiteTitle "FM"]
[WhiteFideId "4801059"]
[BlackFideId "1707388"]
[WhiteElo "2069"]
[BlackElo "2126"]

1. d4 Nf6 2. c4 g6 3. Nc3 Bg7 4. e4 d6 5. f3 O-O 6. Be3 c5 7. d5 e6 8. Nge2 a6 9. Qd2 exd5 10. cxd5 Re8 11. a4 Nbd7 12. Ng3 h5 13. Be2 h4 14. Nf1 Nh7 15. Qc2 Ne5 16. Nd2 h3 17. g4 Qa5 18. Rg1 f6 19. f4 Nf7 20. Nc4 Qc7 21. Rg3 Bd7 22. a5 Nh6 23. e5 fxe5 24. fxe5 Nf8 25. e6 Nxe6 26.
Bxh6 Bxh6 27. Qxg6+ Bg7 28. Rf3 Nf8 29. Qf7+ Kh8 30. Rxh3 Nh7 31. O-O-O 1-0

[Event "Superettan 2017/2018"]
[Site "Vegagatan 20, Gothenburg, Sweden"]
[Date "2018.02.04"]
[Round "3.9"]
[White "Christiansen, Johan-Sebastian"]
[Black "Tukhaev, Adam"]
[Result "1/2-1/2"]
[TimeControl "90 minutes for 40 moves + 30 minutes for the rest of the game + 30 seconds per move from move one."]
[WhiteTitle "IM"]
[BlackTitle "GM"]
[WhiteFideId "1512668"]
[BlackFideId "14109476"]
[WhiteElo "2498"]
[BlackElo "2556"]

1. e4 e5 2. Nf3 Nf6 3. Nxe5 d6 4. Nf3 Nxe4 5. d4 d5 6. Bd3 Be7 7. O-O Nd6 8. Re1 O-O 9. Bf4 Bg4 10.
h3 Be6 11. Nbd2 Nd7 12. Nf1 c5 13. c3 Qb6 14. Rb1 Ne4 15. Ne3 cxd4 16. Nxd4 Ndc5 17. Bc2 Bh4 18. Rf1 Rad8 19. a4 a5 20.
b4 Na6 21. bxa5 Qc5 22. Bxe4 dxe4 23. Nxe6 fxe6 24. Qg4 Qe7 25. Be5 Bg5 26. Nc4 Rf5 27. Qxe4 Nc5 28. Qc2 Bf4 29. Bd4 Bb8 30.
Rbe1 Qc7 31. Be5 Qc6 32. Bxb8 Rxb8 33. Ne5 Qxa4 34. Qxa4 Nxa4 35. f4 Ra8 36. c4 Rxa5 37. Ra1 Rf8 38.
Rfd1 Ra6 39. Rd7 Nc5 40. Rxa6 Nxd7 41. Rxe6 Nc5 42. Rb6 Rxf4 43. Rb5 Ne6 44. Rxb7 Kf8 45. Nd7+ Ke8 46. Nb6 Rd4 47.
Kh2 h5 48. Nd5 Kf8 49. Rb6 Kf7 50. Rb7+ Kg6 51. Re7 Kf5 52. g4+ hxg4 53. hxg4+ Ke5 54. Nc7 Kd6 55. Rxe6+ Kxc7 56. Rg6 Rxc4 57.
Kh3 Kd7 58. Rxg7+ Ke6 59. Kh4 Kf6 60. Rg8 Rc1 61. Rf8+ Kg6 1/2-1/2